 Dungeon Crawl Stone Soup version 0.18.1-6-gd335043 (webtiles) character file.

21 mopl the Sneak (level 2, 0/20 HPs)
             Began as a Vampire Transmuter on May 16, 2016.
             Succumbed to an adder's poison
             ... on level 1 of the Dungeon.
             The game lasted 00:01:35 (849 turns).

mopl the Sneak (Vampire Transmuter)                  Turns: 849, Time: 00:01:35

Health: 0/20       AC:  2    Str:  9    XL:     2   Next: 62%
Magic:  2/5        EV: 18    Int: 15    God:
Gold:   43         SH:  0    Dex: 19    Spells: 2 memorised, 2 levels left

rFire  . . .     SeeInvis +     k - +0 short sword
rCold  . . .     Gourm    .     b - +0 robe
rNeg   + . .     Faith    .     (no shield)
rPois  .         Spirit   .     (no helmet)
rElec  .         Dismiss  .     (no cloak)
rCorr  .         Reflect  .     (no gloves)
SustAt .         Harm     .     (no boots)
MR     .....                    (no amulet)
Stlth  ++++......               (no ring)
                                (no ring)

@: agile, lethally poisoned (0 -> -7), not resistant to hostile enchantments,
stealthy
A: fangs 3, see invisible, unbreathing
a: no special abilities


You were on level 1 of the Dungeon.
You were not thirsty.

You visited 1 branch of the dungeon, and saw 1 of its levels.

You collected 43 gold pieces.

Inventory:

Hand Weapons
 k - a +0 short sword (weapon)
 l - a cursed -3 dagger
Missiles
 a - 32 arrows
 e - 2 tomahawks (quivered)
 f - 3 javelins
Armour
 b - a +0 robe (worn)
Scrolls
 i - a scroll of immolation {unknown}
 m - a scroll of blinking {unknown}
Potions
 d - a potion of blood
 g - a potion of heal wounds
 j - a potion of lignification {unknown}
Books
 c - a book of Changes

   Spells                             Type                      Level
   a - Beastly Appendage              Transmutation                1
   b - Sticks to Snakes               Transmutation                2
   c - Spider Form                    Transmutation/Poison         3
   d - Ice Form                       Ice/Transmutation            4
   e - Blade Hands                    Transmutation                5


   Skills:
 - Level 0.8 Fighting
 + Level 0.4 Short Blades
 - Level 2.1 Dodging
 + Level 3.6 Stealth
 - Level 3.2 Unarmed Combat
 - Level 2.0 Spellcasting
 - Level 2.1 Transmutations


You had 2 spell levels left.
You knew the following spells:

 Your Spells              Type           Power        Failure   Level  Hunger
a - Beastly Appendage     Trmt           #.....       12%         1    #......
w - Sticks to Snakes      Trmt           #.......     14%         2    ###....


Dungeon Overview and Level Annotations

Branches:
Dungeon (1/15)

Altars:


Innate Abilities, Weirdness & Mutations

You have razor-sharp teeth.
You have supernaturally acute eyesight.
You can survive without breathing.


Message History

You miss the adder.
The adder is moderately wounded.
You feel sick. The adder bites you.
You hit the adder.
The adder is heavily wounded.
* * * LOW HITPOINT WARNING * * *
You feel sick. The adder barely misses you.
The adder bites you but does no damage.
You barely miss the adder.
The adder is heavily wounded.
* * * LOW HITPOINT WARNING * * *
You feel sick. The adder bites you.
* * * LOW HITPOINT WARNING * * *
You hit the adder but do no damage. Your bite misses the adder.
The adder is heavily wounded.
The adder closely misses you. x2
Drink which item? (? for menu, Esc to quit)
It was a potion of agility.
You feel agile all of a sudden.
You die...

.. #...?....
#.####....).#
#...........##
##.........# #h%......%#
#.........# .
#.........#
....##########.........#
#.....@Shhh..........##
. ....##.
#.###########.........#
......... ##.........#
.......####
##..........# .#........
#...........# .........
##.#.........# ......#.#
.## #..##.......##
....#.#.#
..#####.####.......#
...##...#
####...................


You could see an adder and 3 jackals.

Vanquished Creatures
  An adder (D:1)
  A goblin (D:1)
  A hobgoblin (D:1)
  4 bats (D:1)
  A giant newt (D:1)
  3 kobolds (D:1)
  2 rats (D:1)
13 creatures vanquished.

Notes
Turn   | Place    | Note
--------------------------------------------------------------
     0 | D:1      | mopl the Vampire Transmuter began the quest for the Orb.
     0 | D:1      | Reached XP level 1. HP: 14/14 MP: 3/3
    95 | D:1      | Reached skill level 1 in Stealth
   187 | D:1      | Reached skill level 3 in Stealth
   187 | D:1      | Reached XP level 2. HP: 3/20 MP: 5/5
   467 | D:1      | Learned a level 2 spell: Sticks to Snakes
   847 | D:1      | HP: 1/20 [adder (4)]
   849 | D:1      | Succumbed to an adder's poison

Skill      XL: |  1 |
---------------+----+-----
Stealth        | 3 |  3.6
Fighting       | |  0.8
Short Blades   | |  0.4
Dodging        | |  2.1
Unarmed Combat | |  3.2
Spellcasting   | |  2.0
Transmutations | |  2.1

Action                   || total
-------------------------++-------
Melee: Unarmed           ||    30
       Bite              ||     4
       Short sword       ||    35
 Cast: Sticks to Snakes  ||     2
  Use: Potion            ||     2
Armor: Robe              ||    27
Dodge: Dodged            ||    65
